 Dungeon Crawl Stone Soup version 0.31-a0-174-g85c54bcb58 (webtiles) character file.

Game seed: 100929868103948443

404 qw the Shooter (level 6, -5/39 HPs)
             Began as a Gargoyle Hunter on June 15, 2023.
             Killed from afar by an acid dragon (16 damage)
             ... with a splash of acid
             ... on level 5 of the Dungeon.
             The game lasted 00:01:12 (3381 turns).

qw the Shooter (Gargoyle Hunter)                    Turns: 3381, Time: 00:01:12

Health: -5/39      AC:  9    Str: 14    XL:     6   Next: 86%
Magic:  6/6        EV: 10    Int: 10    God:
Gold:   263        SH:  0    Dex: 15    Spells: 5/5 levels left

rFire   . . .        Y - +0 orcbow
rCold   . . .        (shield currently unavailable)
rNeg    + + .        g - +0 ring mail
rPois   inf          (no helmet)
rElec   +            (no cloak)
rCorr   .            (no gloves)
SInv    .            (no boots)
Will    .....        d - amulet of regeneration
Stlth   +            i - ring of positive energy
HPRegen 1.06/turn    (no ring)
MPRegen 0.10/turn

%: no passive effects
@: no status effects
A: sickness immunity, AC +4, negative energy resistance 1, electricity
resistance, torment resistance 1, petrification resistance
a: no special abilities


You were on level 5 of the Dungeon.
You visited 2 branches of the dungeon, and saw 6 of its levels.

You collected 263 gold pieces.


Innate Abilities, Weirdness & Mutations

You are immune to sickness and miasma.
Your stone body is resilient. (AC +4)
You are immune to poison.
You resist negative energy. (rN+)
You are resistant to electric shocks. (rElec)
You are resistant to unholy torment.
You are immune to petrification.


   Skills:
 - Level 4.6 Fighting
 + Level 6.8 Ranged Weapons
 - Level 1.0 Armour
 - Level 1.5 Dodging
 - Level 1.1 Stealth


You had 5 spell levels left.
You didn't know any spells.
Your spell library was empty.

Inventory:

Hand Weapons
 Y - a +0 orcbow (weapon)
Armour
 g - a +0 ring mail (worn)
Jewellery
 d - an amulet of regeneration (around neck)
 i - a ring of positive energy (left hand)
 j - a ring of ice
 l - a ring of willpower
Scrolls
 a - a scroll of identify
 m - 2 scrolls of teleportation
Potions
 b - 3 potions of might
 c - a potion of curing
 e - a potion of cancellation {unknown}
 f - 4 potions of heal wounds
 h - a potion of invisibility {unknown}
 k - a potion of degeneration {unknown}

Dungeon Overview and Level Annotations

Branches:
Dungeon (5/15)             Temple (1/1) D:4

Altars:
Cheibriados
Dithmenos
Fedhas
Gozag
Kikubaaqudgha
Makhleb
Qazlal
Sif Muna
Uskayaw
Vehumet
Wu Jian
Xom
The Shining One

Annotations:
D:4 1 runed translucent door, qw's ghost, amateur GrHu


Message History

The iguana is severely wounded.
The iguana bites you!
You shoot an arrow. The arrow hits the iguana!
You kill the iguana!
You start resting.
HP restored.
Found a leather armour.
m - 2 scrolls of teleportation (gained 1)
Things that are here:
a +0 orcbow; an iguana corpse; a centaur corpse
Enter note: You see here a +0 leather armour.
Found a stone staircase leading down.
Enter note:
There is an open door here.
There is an open door here.
You see here a +0 leather armour.
You see here a stone.
Found a stone staircase leading down.
Enter note:
There is a stone staircase leading down here.
You see here a +2 falchion of draining.
Enter note:
Enter note:
Enter note: You now have 263 gold pieces (gained 18).
An acid dragon comes into view.
The acid dragon roars!
Enter note:
Enter note: You shoot an arrow.
The arrow hits the acid dragon.
The acid dragon is lightly wounded.
The acid dragon spits acid at you. The splash of acid hits you!!
Ouch! That really hurt!
You shoot an arrow. The arrow hits the acid dragon.
The acid dragon is moderately wounded.
The acid dragon spits acid at you. The splash of acid hits you!
You die...

#. #+# .# # .. .
##.##.# #...#.## #
....... ....+ #....
.... #.D# ..## #@#
..# #.# #.# #.#
#+##.# #.# #.##.#
###.##### #.##.##
#.......# ##.##...
#.#.###.# ###...#.).
#.#.# #.# #.........
#.#.###.###.#...#.##


You could see an acid dragon (catching breath).

Vanquished Creatures
  An ice beast (D:3)
  A centaur (D:5)
  A howler monkey (D:5)
  A hound (D:4)
  2 iguanas (D:5)
  2 adders
  A white imp (D:5)
  3 worms
  A dart slug (D:4)
  4 orcs (D:4)
  6 ball pythons
  5 endoplasms
  A giant cockroach (D:1)
  7 goblins
  8 hobgoblins
  2 jackals (D:3)
  3 quokkas
  8 bats
  2 frilled lizards (D:1)
  11 kobolds
  3 rats
73 creatures vanquished.

Notes
Turn   | Place    | Note
-------+----------+-------------------------------------------
     0 | D:1      | qw the Gargoyle Hunter began the quest for the Orb.
     0 | D:1      | Reached XP level 1. HP: 12/12 MP: 1/1
     0 | D:1      | 0 ||| qw: Version: 0.2-a-29-g511e9b1
     0 | D:1      | 0 ||| qw: Game counter: 5265
     0 | D:1      | 0 ||| qw: Always use a shield: true
     0 | D:1      | 0 ||| qw: God list: Okawaru
     0 | D:1      | 0 ||| qw: Allow faded altars: false
     0 | D:1      | 0 ||| qw: Do Orc after D:15 true
     0 | D:1      | 0 ||| qw: Do second Lair branch before Depths: true
     0 | D:1      | 0 ||| qw: Lair rune preference: random
     0 | D:1      | 0 ||| qw: Plans: Normal, Zot:1-4, Slime:5, God:TSO, Crypt,
                  | Tomb, Abyss, Pan, Hells, Win
     0 | D:1      | 0 ||| PLANNING D:1-11
    67 | D:1      | Reached XP level 2. HP: 15/17 MP: 2/2
   185 | D:1      | Reached XP level 3. HP: 21/21 MP: 3/3
   266 | D:1      | Reached skill level 5 in Ranged Weapons
   513 | D:1      | 513 ||| UPGRADING to +0 ring mail.
   523 | D:1      | 523 ||| DROPPING +0 leather armour.
   524 | D:1      | 524 ||| READING 3 scrolls labelled KORCHAEN JOKLE.
   525 | D:1      | 525 ||| READING scroll labelled OGOMUI PAAMAO.
   526 | D:1      | 526 ||| READING scroll labelled EMMUAC VUIM.
   527 | D:1      | 527 ||| DRINKING 4 glowing dark potions.
   528 | D:1      | 528 ||| READING 2 scrolls of identify.
   528 | D:1      | 528 ||| IDENTIFYING coppery potion
   529 | D:1      | 529 ||| DROPPING scroll of butterflies.
   530 | D:1      | 530 ||| DROPPING potion of berserk rage.
   627 | D:2      | Identified the +4 falchion "Deitew" {heavy, Int+2 Stlth+}
   752 | D:2      | Reached skill level 1 in Armour
  1268 | D:2      | 1268 ||| UPGRADING to amulet of regeneration.
  1273 | D:2      | 1273 ||| READING scroll labelled HONNOCW PULAL.
  1277 | D:2      | 1277 ||| READING scroll labelled BUWINA AQORE.
  1278 | D:2      | 1278 ||| READING 2 scrolls of identify.
  1278 | D:2      | 1278 ||| IDENTIFYING murky coppery potion
  1311 | D:3      | Noticed an ice beast
  1318 | D:3      | Killed an ice beast
  1319 | D:3      | Reached XP level 4. HP: 22/30 MP: 4/4
  1319 | D:3      | Reached XP level 5. HP: 25/34 MP: 5/5
  1547 | D:3      | 1547 ||| UPGRADING to +0 orcbow.
  1548 | D:3      | 1548 ||| DROPPING +0 shortbow.
  1918 | D:3      | 1918 ||| UPGRADING to ring of positive energy.
  1919 | D:3      | 1919 ||| READING scroll labelled BEDAOB TALUNLIT.
  1986 | D:4      | Found a runed translucent door.
  2011 | D:4      | Found an opulent altar of Gozag.
  2149 | D:4      | Found a staircase to the Ecumenical Temple.
  2150 | D:4      | 2150 ||| PLANNING TEMPLE
  2173 | Temple   | Entered the Ecumenical Temple
  2207 | Temple   | 2207 ||| PLANNING D:1-11
  2240 | D:4      | Found a blossoming altar of Fedhas.
  2895 | D:4      | Noticed qw's ghost (amateur GrHu)
  2897 | D:4      | 2897 ||| READING 2 scrolls of identify.
  2897 | D:4      | 2897 ||| IDENTIFYING metallic clear potion
  2913 | D:5      | Entered Level 5 of the Dungeon
  3037 | D:5      | Reached skill level 6 in Ranged Weapons
  3037 | D:5      | Reached XP level 6. HP: 38/39 MP: 6/6
  3379 | D:5      | Noticed an acid dragon
  3381 | D:5      | Killed from afar by an acid dragon

Levels and vault maps discovered:
D:1:      tarquinn_simple_flora_water_a, layout_rooms, minmay_misc_feat_room,
          chequers_serial_rivers_room_a, moated_statue, minmay_pentomino_t4
D:2:      layout_basic, minmay_hedge_maze, minmay_misc_feat_more_columns
D:3:      layout_loops_ring
D:4:      layout_loops_corners, fedhas_ov_isle_minmay, grunt_gozag_breadcrumbs,
          minmay_temple_entry_statues_fountains, ebering_ghost_reflecting_pool,
          grunt_ministairs_10
D:5:      layout_loops_corners, general_overflow_altar
Temple:   hellmonk_temple_of_storms

Skill      XL: |  1  2  3  4  5 |
---------------+----------------+-----
Ranged Weapons | 5 6 |  6.8
Armour         | 1 |  1.0
Fighting       | 4 |  4.6
Dodging        | |  1.5
Stealth        | |  1.1

Action                     |  1- 3 |  4- 6 || total
---------------------------+-------+-------++-------
   Fire: Shortbow          |   129 |     5 ||   134
         Orcbow            |       |   114 ||   114
    Use: Scroll            |     7 |     2 ||     9
         Potion            |     1 |       ||     1
 Armour: Leather armour    |    16 |       ||    16
         Ring mail         |     8 |    30 ||    38
  Dodge: Dodged            |    28 |    45 ||    73

Table legend:
 A = Non-vault XP
 B = Vault XP
 C = Vault XP percentage of total XP
 D = Non-vault monster count
 E = Vault monster count
 F = Vault count percentage of total count
                 A         B        C        D         E       F
            +---------+---------+-------+---------+---------+-------
      Total |     568 |      10 |   1.7 |      68 |       5 |   6.8
            +---------+---------+-------+---------+---------+-------
        D:1 |      38 |       8 |  17.4 |      24 |       4 |  14.3
        D:2 |      34 |       0 |   0.0 |      17 |       0 |   0.0
        D:3 |     138 |       0 |   0.0 |       6 |       0 |   0.0
        D:4 |      86 |       2 |   2.3 |      15 |       1 |   6.2
        D:5 |     272 |       0 |   0.0 |       6 |       0 |   0.0
            +---------+---------+-------+---------+---------+-------
